 Dungeon Crawl Stone Soup version 0.20-b1-2-gc5a9893 (webtiles) character file.

457 white5 the Magician (level 6, 0/32 HPs)
             Began as a Deep Elf Wizard on May 21, 2017.
             Slain by a killer bee zombie (5 damage)
             ... on level 5 of the Dungeon.
             The game lasted 00:47:48 (6241 turns).

white5 the Magician (Deep Elf Wizard)               Turns: 6241, Time: 00:47:49

Health: 0/32       AC:  2    Str:  4    XL:     6   Next: 77%
Magic:  17/17      EV: 13    Int: 25    God:
Gold:   199        SH:  0    Dex: 13    Spells: 6/17 levels left

rFire    + . .     SeeInvis .   a - +0 spear
rCold    . . .     Gourm    .   (no shield)
rNeg     . . .     Faith    .   w - +0 robe {rC+}
rPois    .         Spirit   .   h - +0 hat
rElec    .         Reflect  .   (no cloak)
rCorr    .         Harm     .   (no gloves)
MR       .....                  (no boots)
Stlth    ++........             (no amulet)
Regen    0.1/turn               j - ring of fire
MPRegen  0.2/turn               (no ring)

@: flying
A: no striking features
a: no special abilities


You were on level 5 of the Dungeon.
You were hungry.

You visited 1 branch of the dungeon, and saw 5 of its levels.

You collected 199 gold pieces.

Inventory:

Hand Weapons
 a - a +0 spear (weapon)
 b - a +0 dagger of electrocution
 l - a +0 dagger
 o - a +1 hunting sling
 t - a +0 hunting sling
 B - a +0 dagger
 I - a +0 blowgun
 J - a +0 short sword
 M - a +2 dagger of holy wrath
Missiles
 d - 5 tomahawks of returning (quivered)
 e - 72 stones
 k - 72 arrows
 y - 21 poisoned needles
 C - 6 tomahawks
Armour
 f - a +0 robe
 h - a +0 hat (worn)
 v - a +0 robe
 w - a +0 robe of cold resistance (worn)
Jewellery
 j - a ring of fire (left hand)
 r - an uncursed ring of protection from cold {unknown}
Scrolls
 g - a scroll of immolation {unknown}
 p - 4 scrolls of remove curse
 x - 2 scrolls of recharging
 G - a scroll of noise {unknown}
Potions
 i - a potion of berserk rage {unknown}
 m - a potion of resistance {unknown}
 n - a potion of curing
 q - a potion of mutation
 s - a potion of might
 u - a potion of ambrosia
 z - 2 potions of flight
 A - a potion of agility
 D - a potion of degeneration {unknown}
 F - 2 potions of haste {unknown}
 H - a potion of heal wounds {unknown}
Books
 c - a book of Minor Magic

   Spells                             Type                      Level
   a - Magic Dart                     Conjuration                  1
   b - Blink                          Translocation                2
   c - Call Imp                       Summoning                    2
   d - Slow                           Hexes                        2
   e - Conjure Flame                  Conjuration/Fire             3
   f - Mephitic Cloud                 Conjuration/Poison/Air       3
Comestibles
 E - 6 fruits
 K - 6 bread rations
 L - 3 meat rations
 N - 3 chunks of flesh


   Skills:
 - Level 0.1(0.5) Slings
 + Level 1.2 Throwing
 * Level 3.2 Dodging
 + Level 3.1 Stealth
 - Level 6.3 Spellcasting
 - Level 4.3 Conjurations
 + Level 1.1 Summonings
 + Level 1.1 Translocations
 - Level 1.6 Fire Magic
 - Level 2.0 Air Magic
 - Level 2.0 Poison Magic


You had 6 spell levels left.
You knew the following spells:

 Your Spells              Type           Power        Failure   Level  Hunger
a - Magic Dart            Conj           ####         1%          1    None
b - Call Imp              Summ           ##......     7%          2    None
c - Blink                 Tloc           N/A          7%          2    None
d - Conjure Flame         Conj/Fire      ####....     6%          3    None
e - Mephitic Cloud        Conj/Pois/Air  ###.....     7%          3    None


Dungeon Overview and Level Annotations

Branches:
Dungeon (5/15)
 Temple: D:4-7

Altars:

Annotations:
D:5 Eustachio


Message History

The killer bee zombie hits you.
The killer bee zombie closely misses you.
Eustachio says, "My allies will avenge me."
The killer bee zombie closely misses you.
Eustachio mumbles some strange words.
The killer bee zombie hits you.
* * * LOW HITPOINT WARNING * * *
Your crimson imp hits the rat.
The rat dies!
The rat's corpse disappears in a puff of smoke!
Eustachio screams, "This atrocity can only be purified with blood!"
Eustachio mumbles some strange words.
Eustachio blinks!
Something closely misses your crimson imp.
The killer bee zombie hits you.
* * * LOW HITPOINT WARNING * * *
The killer bee zombie closely misses you.
You feel very buoyant.
You fly up into the air.
The killer bee zombie hits you.
You die...

### ###..### ####
##......## ...#####
##........## .......#
####..........#
.......#####.@rZ........#
.......##5r..###@......#
....o...5.#### #.....###
......5####### ##..###
.....#..r....## ##..##
..####.......%## #...###
..# #..........# ##..#.##
..###...ยง......#
#.....###
.###......5....#
##......##
..##......5....#
##[.>...### #


You could see Eustachio, a killer bee zombie and a rat.

Vanquished Creatures
  A scorpion (D:4)
  A hound (D:4)
  An orc priest (D:3)
  An orc wizard (D:3)
  2 bullfrog skeletons (D:4)
  2 iguanas (D:4)
  2 worker ants
  A hound skeleton (D:5)
  5 adders
  An adder skeleton (D:4)
  A dart slug (D:1)
  3 leopard geckos
  18 orcs
  A ball python (D:4)
  3 giant cockroaches
  9 goblins
  3 hobgoblins
  7 jackals
  A quokka (D:5)
  3 bats
  7 frilled lizards
  A giant cockroach zombie (D:5)
  9 kobolds
  A quokka skeleton (D:4)
  8 rats
92 creatures vanquished.

Notes
Turn   | Place    | Note
-------+----------+-------------------------------------------
     0 | D:1      | white5 the Deep Elf Wizard began the quest for the Orb.
     0 | D:1      | Reached XP level 1. HP: 10/10 MP: 7/7
   383 | D:1      | Reached XP level 2. HP: 15/15 MP: 9/9
   401 | D:1      | Learned a level 2 spell: Call Imp
   404 | D:1      | Learned a level 2 spell: Blink
   457 | D:1      | Reached skill level 5 in Spellcasting
  1216 | D:2      | Reached XP level 3. HP: 19/19 MP: 9/11
  1237 | D:2      | Learned a level 3 spell: Conjure Flame
  1241 | D:2      | Learned a level 3 spell: Mephitic Cloud
  2222 | D:3      | Reached XP level 4. HP: 9/24 MP: 0/13
  2805 | D:3      | Reached skill level 1 in Air Magic
  2805 | D:3      | Reached skill level 1 in Poison Magic
  3420 | D:3      | Reached XP level 5. HP: 28/28 MP: 15/15
  3427 | D:3      | Reached skill level 1 in Fire Magic
  4419 | D:4      | Reached skill level 6 in Spellcasting
  4917 | D:4      | Reached XP level 6. HP: 22/32 MP: 11/17
  5465 | D:5      | Entered Level 5 of the Dungeon
  5771 | D:4      | Reached skill level 1 in Throwing
  6204 | D:5      | Noticed Eustachio
  6241 | D:5      | Slain by a killer bee zombie

Skill      XL: |  1  2  3  4  5  6 |
---------------+-------------------+-----
Spellcasting   | 5 6 |  6.3
Conjurations   | 2 3 4 |  4.3
Air Magic      | 1 2 |  2.0
Poison Magic   | 1 2 |  2.0
Fire Magic     | 1 |  1.6
Throwing       | 1 |  1.2
Dodging        | 3 |  3.2
Stealth        | 3 |  3.1
Slings         | |  0.1
Summonings     | |  1.1
Translocations | |  1.1

Action                   |  1- 3 |  4- 6 || total
-------------------------+-------+-------++-------
Melee: Spear             |       |     4 ||     4
       Dagger            |       |     1 ||     1
 Fire: Hunting sling     |    26 |       ||    26
Throw: Tomahawk          |       |    16 ||    16
 Cast: Magic Dart        |    59 |   173 ||   232
       Mephitic Cloud    |     1 |     1 ||     2
       Call Imp          |       |     1 ||     1
  Use: Scroll            |     2 |    11 ||    13
       Potion            |       |     2 ||     2
  Eat: Chunk             |     1 |    10 ||    11
       Bread ration      |     1 |       ||     1
Armor: Robe              |     1 |    14 ||    15
       Skin              |       |     1 ||     1
Dodge: Dodged            |     7 |    57 ||    64
